 Dungeon Crawl Stone Soup version 0.18-a0-952-g309898a (webtiles) character file.

35 filipzpl the Magician (level 3, 0/19 HPs)
             Began as a Deep Elf Wizard on Dec 30, 2015.
             Slain by a worm (9 damage)
             ... on level 2 of the Dungeon.
             The game lasted 00:05:48 (1483 turns).

filipzpl the Magician (Deep Elf Wizard)             Turns: 1483, Time: 00:05:48

Health: 0/19       AC:  2    Str:  4    XL:     3   Next: 17%
Magic:  9/12       EV:  7    Int: 23    God:
Gold:   80         SH:  0    Dex: 13    Spells: 5 memorised, 2 levels left

rFire  . . .     SeeInvis .     (no weapon)
rCold  . . .     Gourm    .     a - +0 robe
rNeg   . . .     Faith    .     (no shield)
rPois  .         Spirit   .     b - +0 hat
rElec  .         Dismiss  .     (no cloak)
rCorr  .         Reflect  .     (no gloves)
SustAt .         Harm     .     (no boots)
MR     .....                    (no amulet)
Stlth  ++........               (no ring)
                                (no ring)

@: not resistant to hostile enchantments, unstealthy
A: no striking features
a: no special abilities


You were on level 2 of the Dungeon.
You were not hungry.

You visited 1 branch of the dungeon, and saw 2 of its levels.

You collected 80 gold pieces.

Inventory:

Armour
 a - a +0 robe (worn)
 b - a +0 hat (worn)
Scrolls
 e - a scroll of identify {unknown}
 f - a scroll of enchant weapon {unknown}
 h - a scroll of remove curse {unknown}
Potions
 g - a potion of mutation {unknown}
Books
 c - a book of Minor Magic

   Spells                             Type                      Level
   a - Magic Dart                     Conjuration                  1
   b - Blink                          Translocation                2
   c - Call Imp                       Summoning                    2
   d - Repel Missiles                 Charms/Air                   2
   e - Slow                           Hexes                        2
   f - Conjure Flame                  Conjuration/Fire             3
   g - Mephitic Cloud                 Conjuration/Poison/Air       3
Comestibles
 d - a bread ration


   Skills:
 - Level 2.4 Dodging
 - Level 2.4 Stealth
 * Level 5.6 Spellcasting
 + Level 1.9 Conjurations
   Level 1.1 Summonings
 - Level 1.1 Translocations


You had 2 spell levels left.
You knew the following spells:

 Your Spells              Type           Power        Failure   Level  Hunger
a - Magic Dart            Conj           ###.         4%          1    None
b - Blink                 Tloc           N/A          10%         2    None
c - Repel Missiles        Chrm/Air       #.....       17%         2    None
d - Conjure Flame         Conj/Fire      ##......     21%         3    #......
e - Mephitic Cloud        Conj/Pois/Air  #.......     21%         3    #......


Dungeon Overview and Level Annotations

Branches:
Dungeon (2/15)

Altars:


Message History

Mmm...
Peppers.
You climb downwards.
The kobold throws a stone.
The stone hits you but does no damage.
There is a stone staircase leading up here.
Casting: Mephitic Cloud
Confirm with . or Enter, or press ? or * to list all spells.
Aiming: Mephitic Cloud
Press: ? - help, Shift-Dir - straight line, f - goblin
Aim: a goblin, wielding a dagger (hasn't noticed you)
The ball explodes into a vile cloud!
The stinking cloud engulfs the goblin.
The goblin shouts!
The stinking cloud engulfs the kobold.
The worm bites you!
Ouch! That really hurt!
The goblin is engulfed in noxious fumes.
The goblin appears confused.
The kobold throws a stone.
The stone barely misses you.
The stone hits the worm but does no damage.
You can't go down here!
The worm bites you!
You die...

########
#...w..#
#.$@..$#
#..........
#.Kg.......
#..§.......
#.§§§......
#.§§§......
#..........
#..........


You could see a worm, a goblin (confused) and a kobold.

Vanquished Creatures
  A worm (D:1)
  A giant gecko (D:1)
  2 giant cockroaches (D:1)
  7 goblins (D:1)
  2 hobgoblins (D:1)
  4 jackals (D:1)
  3 kobolds (D:1)
  4 bats (D:1)
  5 rats (D:1)
29 creatures vanquished.

Notes
Turn   | Place    | Note
--------------------------------------------------------------
     0 | D:1      | filipzpl the Deep Elf Wizard began the quest for the Orb.
     0 | D:1      | Reached XP level 1. HP: 10/10 MP: 7/7
   258 | D:1      | Reached XP level 2. HP: 12/15 MP: 3/9
   260 | D:1      | Reached skill level 5 in Spellcasting
  1016 | D:1      | Reached XP level 3. HP: 19/19 MP: 8/12
  1437 | D:1      | Learned a level 2 spell: Blink
  1440 | D:1      | Learned a level 2 spell: Repel Missiles
  1444 | D:1      | Learned a level 3 spell: Conjure Flame
  1448 | D:1      | Learned a level 3 spell: Mephitic Cloud
  1483 | D:2      | Slain by a worm

Vault maps used:
D:1:      dpeg_arrival_simpleton_a, serial_forest, infiniplex_forest_end_2,
          infiniplex_forest_clump_diagonal, infiniplex_forest_clump_long,
          infiniplex_forest_fountain, infiniplex_forest_zigzag_1,
          minmay_misc_feat_room, roderic_roman_lattice
D:2:      first_bread, ecumenical_altar_2, serial_glass, glass_columns_b,
          glass_columns_a

Action                   || total
-------------------------++-------
Melee: Unarmed           ||    10
 Cast: Magic Dart        ||    77
       Mephitic Cloud    ||     1
  Eat: Pizza             ||     1
